 Dungeon Sprint DCSS version 0.20-a0-268-gb6bde61 (webtiles) character file.

281 esc the Jinx (level 6, -4/33 HPs)
             Began as a Felid Enchanter on Dec 7, 2016.
             Was a High Priest of Dithmenos.
             Killed by drain life
             ... invoked by a soul eater
              (11 damage)
             ... in the Dungeon (Sprint V: "Ziggurat Sprint").
             The game lasted 00:06:27 (528 turns).

esc the Jinx (Felid Enchanter)                       Turns: 528, Time: 00:06:28

Health: -4/33      AC:  2    Str:  4    XL:     6   Next: 6%
Magic:  17/17      EV: 30    Int: 18    God:    Dithmenos [*****.]
Gold:   0          SH:  0    Dex: 29    Spells: 8/19 levels left
                                        Lives:  0   Deaths: 2

rFire  . . .     SeeInvis +       - Unarmed
rCold  . . .     Gourm    .     (armour unavailable)
rNeg   . . .     Faith    .     (shield unavailable)
rPois  .         Spirit   .     (helmet unavailable)
rElec  .         Reflect  .     (cloak unavailable)
rCorr  .         Harm     .     (gloves unavailable)
MR     .....     NoTele   +     (boots unavailable)
Stlth  +++++++++.               (no amulet)
                                B - +6 ring of dexterity
                                A - +6 ring of dexterity

@: wreathed by umbra, quick
A: no armour, no weapons or thrown items, stealth, claws 1, fangs 3, see
invisible, carnivore 3, speed 1, shaggy fur 2, slow metabolism 1, sharp paws
a: Shadow Step, Shadow Form, Renounce Religion


You were in the Dungeon.
You worshipped Dithmenos.
Dithmenos was extremely pleased with you.
You were not hungry.

You visited 1 branch

Inventory:

Jewellery
 A - a +6 ring of dexterity (left paw)
   (You found it in the Dungeon)
 B - a +6 ring of dexterity (right paw)
   (You found it in the Dungeon)
 C - a +6 ring of intelligence
   (You found it in the Dungeon)
 D - a +6 ring of intelligence
   (You found it in the Dungeon)
 E - a +6 ring of strength
   (You found it in the Dungeon)
 F - a +6 ring of strength
   (You found it in the Dungeon)
 J - the ring "Niuwkax" {rF++ rN+ Dex+4}
   (You found it in the Dungeon)

   [ring of positive energy]

   It affects your dexterity (+4).
   It greatly protects you from fire.
   It protects you from negative energy.
Wands
 v - a wand of disintegration (7/24)
   (You found it in the Dungeon)
 w - a wand of iceblast (5/15)
   (You found it in the Dungeon)
 x - a wand of lightning (5/15)
   (You found it in the Dungeon)
 y - a wand of acid (5/15)
   (You found it in the Dungeon)
Scrolls
 h - a scroll of blinking {!r}
 o - 4 scrolls of amnesia
 p - 3 scrolls of recharging
 q - 7 scrolls of fog
 r - a scroll of holy word {!r}
 s - 5 scrolls of identify
 t - 5 scrolls of remove curse
 u - 2 scrolls of fear
Potions
 c - 10 potions of curing
 d - 9 potions of heal wounds
 e - 6 potions of haste
 f - 5 potions of magic
 g - 3 potions of berserk rage {!q}
 i - 2 potions of brilliance
 j - 2 potions of invisibility
 k - 4 potions of resistance
 m - 5 potions of agility
 n - 5 potions of might
Books
 a - a book of Maledictions
 H - a book of Geomancy
   (You found it in the Dungeon)
Miscellaneous
 z - a crystal ball of energy
   (You found it in the Dungeon)
 G - a disc of storms
   (You found it in the Dungeon)
 I - a phial of floods
   (You found it in the Dungeon)
 K - a sack of spiders
Comestibles
 b - 5 meat rations {@e2}


   Skills:
 + Level 7.2 Fighting
 + Level 9.7 Dodging
 + Level 10.9 Stealth
 + Level 7.4 Unarmed Combat
 + Level 7.2 Spellcasting
 + Level 11.2 Hexes


You had 8 spell levels left.
You knew the following spells:

 Your Spells              Type           Power        Failure   Level  Hunger
a - Ensorcelled Hibernat  Hex/Ice        ####..       1%          2    None
b - Dazzling Spray        Conj/Hex       ####..       3%          3    ##.....
c - Confuse               Hex            #####...     1%          3    ##.....
v - Corona                Hex            #####..      1%          1    None
w - Passwall              Tmut/Erth      #.........   17%         2    None


Dungeon Overview and Level Annotations

Branches:
Dungeon (1/1)

Altars:
Ashenzari
Cheibriados
Dithmenos
Elyvilon
Fedhas
Gozag
Hepliaklqana
Kikubaaqudgha
Makhleb
Nemelex Xobeh
Okawaru
Qazlal
Ru
Sif Muna
Trog
Uskayaw
Vehumet
Xom
Yredelemnul
Zin
The Shining One
Beogh
Jiyva
Lugonu


Innate Abilities, Weirdness & Mutations

You cannot wear armour.
You are incapable of wielding weapons or throwing items.
Your paws allow you to move quietly. (Stealth)
You have sharp claws.
You have razor-sharp teeth.
You have supernaturally acute eyesight. (SInv)
You are carnivorous and can eat meat at any time.
You cover ground quickly.
You are covered in thick fur. (AC +2)
You have a slow metabolism.
Your sharp claws are effective at attacking unaware monsters.


Message History

A shadow dragon, 2 soul eaters, 3 spectral things, 3 zombies and 2 skeletons come into view.
The bat skeleton completely misses you. The bat skeleton completely misses you.
The bat zombie completely misses you. The bat skeleton completely misses you.
You scratch the bat zombie. The bat zombie completely misses you.
The bat skeleton misses you. x2; The bat zombie misses you.
The bat zombie completely misses you.
The bat skeleton hits you but does no damage.
The bat zombie barely misses you. The bat skeleton completely misses you.
The bat zombie completely misses you. The bat skeleton completely misses you.
The bat zombie misses you. x2; The bat skeleton completely misses you.
The bat zombie completely misses you. The bat skeleton completely misses you.
The bat zombie completely misses you. The bat skeleton misses you.
The bat zombie hits you but does no damage.
The bat zombie misses you. The bat skeleton closely misses you.
The bat zombie misses you. The bat skeleton misses you.
The bat zombie closely misses you. The bat skeleton completely misses you.
The soul eater draws from the surrounding life force!
The bat zombie completely misses you. The bat skeleton barely misses you.
The bat zombie misses you. The bat skeleton completely misses you.
The bat zombie misses you. The jackal zombie closely misses you.
The bat skeleton completely misses you.
You take 15 damage, and have 21/36 hp.
MASSIVE DAMAGE!!
The bat zombie misses you. The bat skeleton completely misses you.
The bat zombie misses you. The bat skeleton misses you.
The jackal zombie misses you. The bat zombie completely misses you.
The bat skeleton misses you.
The jackal zombie completely misses you.
Unknown command.
The bat zombie completely misses you. The bat skeleton closely misses you.
The bat zombie completely misses you. The bat skeleton completely misses you.
The soul eater draws from the surrounding life force!
* * * LOW HITPOINT WARNING * * *
You emit a cloud of dark smoke.
The bat zombie misses you. The bat skeleton misses you.
The jackal zombie misses you.
You take 15 damage, and have 7/36 hp.
MASSIVE DAMAGE!!
The bat zombie completely misses you. The bat skeleton misses you.
The bat zombie completely misses you.
The spectral adder completely misses you.
The bat skeleton completely misses you.
The jackal zombie completely misses you.
The bat zombie completely misses you.
The spectral adder completely misses you.
The bat skeleton completely misses you. The bat zombie misses you.
The bat skeleton completely misses you. The bat zombie completely misses you.
The bat skeleton misses you.
The jackal zombie completely misses you.
The spectral adder barely misses you.
The bat skeleton completely misses you. x2; The spectral adder misses you.
The jackal zombie closely misses you. The bat skeleton closely misses you.
The bat skeleton misses you. The bat skeleton completely misses you.
The spectral adder misses you.
The jackal zombie completely misses you.
The soul eater completely misses you. The shadow dragon barely misses you.
The shadow dragon claws you.
* * * LOW HITPOINT WARNING * * *
The shadow dragon closely misses you. The bat skeleton closely misses you.
The spectral adder barely misses you. The jackal zombie misses you.
You take 4 damage, and have 3/36 hp.
Unknown command.
The bat skeleton completely misses you. The bat skeleton misses you.
The soul eater completely misses you.
The shadow dragon completely misses you. x2
The shadow dragon closely misses you.
The spectral adder completely misses you.
The bat skeleton barely misses you.
The jackal zombie completely misses you.
The bat skeleton misses you. The bat skeleton completely misses you.
The soul eater completely misses you.
The spectral adder completely misses you.
The shadow dragon bites you!
You die...
The shadow dragon closely misses you.
The shadow dragon completely misses you.
The jackal zombie completely misses you.
The bat skeleton completely misses you.
You are now level 6!
You rejoin the land of the living...
Health restored: 33 You now have 17/17 mp.
A shadow dragon, a soul eater, 3 zombies, a skeleton and a doom hound come into view. 2 shadow dragons, a hellion, 2 soul eaters, a Tzitzimitl, 2 zombies and 3 skeletons come into view.
The soul eater draws from the surrounding life force!
Ouch! That really hurt!
You emit a cloud of dark smoke.
You take 19 damage, and have 14/33 hp.
MASSIVE DAMAGE!! 2 shadow dragons, a shadow imp, 4 soul eaters, a necrophage, a zombie and 2 skeletons come into view.
The hellion gives a hideous shriek!
The doom hound barks!
The soul eater moves out of view.
The shadow dragon breathes negative energy at you.
The bolt of negative energy misses you.
The soul eater draws from the surrounding life force!
* * * LOW HITPOINT WARNING * * *
You take 7 damage, and have 7/33 hp.
MASSIVE DAMAGE!!
The soul eater draws from the surrounding life force!
You die...

.3..8©8......▓...........
}2[3n|Z5ZDZ..▓...........
3!D)Z3ZDZZD..▓...........
1.}Z33DZZ....▓...........
..ZZ.........▓...........
.....h.......▓..▓.§§§...▓
.............▓..§§Z§§....
.....§§§§§§..▓..§ZDZ.....
.....§§§@§§..▓..§3§Z§§...
.....§§§§§§..▓▓▓▓▓▓▓▓▓▓▓▓
......§§§§§..▓
.▓.......▓...▓
.............▓
.............▓
.............▓
▓▓▓▓▓▓▓▓▓▓▓▓▓▓


You could see 5 shadow dragons, a doom hound, 4 soul eaters, a hellion, a
necrophage (wandering), a shadow imp (wandering), a leopard gecko zombie
(wandering), 4 bat zombies, an adder zombie, a leopard gecko skeleton
(wandering), 3 bat skeletons and 2 adder skeletons.

Vanquished Creatures
  2 slime creatures (D)
  A porcupine (D)
  A floating eye (D)
  An eye of draining (D)
  A wolf (D)
  A bullfrog (D)
  A crimson imp (D)
  4 jellies (D)
  3 iguanas (D)
  2 adders (D)
  A river rat (D)
  An ufetubus (D)
  A bat skeleton (D)
  A jackal (D)
  2 ball pythons (D)
23 creatures vanquished.

Notes
Turn   | Place    | Note
-------+----------+-------------------------------------------
     0 | D        | esc the Felid Enchanter began the quest for the Orb.
     0 | D        | Reached XP level 1. HP: 7/7 MP: 4/4
     0 | D        | Found a deep blue altar of Sif Muna.
     0 | D        | Found a sacrificial altar of Ru.
     0 | D        | Found a bloodstained altar of Trog.
     0 | D        | Found a stormy altar of Qazlal.
     0 | D        | Found an iron altar of Okawaru.
     0 | D        | Found a sparkling altar of Nemelex Xobeh.
     0 | D        | Found a blossoming altar of Fedhas.
     2 | D        | Found an ancient bone altar of Kikubaaqudgha.
     2 | D        | Found a viscous altar of Jiyva.
     2 | D        | Found a corrupted altar of Lugonu.
     2 | D        | Found a hazy altar of Hepliaklqana.
     2 | D        | Found a burning altar of Makhleb.
     2 | D        | Found an opulent altar of Gozag.
    20 | D        | Reached skill level 2 in Fighting
    20 | D        | Reached skill level 4 in Dodging
    20 | D        | Reached skill level 5 in Stealth
    20 | D        | Reached skill level 3 in Unarmed Combat
    20 | D        | Reached skill level 3 in Spellcasting
    20 | D        | Reached skill level 6 in Hexes
    20 | D        | Reached XP level 2. HP: 13/13 MP: 5/7
    24 | D        | Learned a level 2 spell: Ensorcelled Hibernation
    33 | D        | Became a worshipper of Dithmenos the Shadowed
    47 | D        | Entered arena 1.
    47 | D        | Noticed a crimson imp
    51 | D        | Killed a crimson imp
    51 | D        | Reached skill level 3 in Fighting
    51 | D        | Reached skill level 5 in Dodging
    51 | D        | Reached skill level 6 in Stealth
    51 | D        | Reached XP level 3. HP: 17/17 MP: 9/9
    56 | D        | Entered arena 2.
    56 | D        | Noticed a wolf
    56 | D        | Noticed a porcupine
    60 | D        | Killed a wolf
    60 | D        | Reached * piety under Dithmenos
    60 | D        | Reached skill level 4 in Fighting
    60 | D        | Reached skill level 6 in Dodging
    60 | D        | Reached skill level 7 in Stealth
    60 | D        | Reached skill level 4 in Unarmed Combat
    60 | D        | Reached skill level 4 in Spellcasting
    60 | D        | Reached skill level 7 in Hexes
    60 | D        | Reached XP level 4. HP: 22/22 MP: 7/11
    70 | D        | Killed a porcupine
    70 | D        | Reached skill level 7 in Dodging
    70 | D        | Reached skill level 8 in Stealth
    70 | D        | Reached skill level 5 in Unarmed Combat
    70 | D        | Reached skill level 5 in Spellcasting
    70 | D        | Reached skill level 8 in Hexes
    70 | D        | Reached XP level 5. HP: 18/25 MP: 4/13
    72 | D        | Reached skill level 5 in Fighting
    86 | D        | Learned a level 3 spell: Confuse
    90 | D        | Learned a level 3 spell: Dazzling Spray
    93 | D        | Learned a level 2 spell: Passwall
   161 | D        | Entered arena 3.
   164 | D        | Reached ** piety under Dithmenos
   165 | D        | Gained mutation: You are covered in thick fur. (AC +2) [Felid growth]
   165 | D        | Reached XP level 6. HP: 30/30 MP: 8/15
   217 | D        | Entered arena 4.
   217 | D        | Noticed a slime creature
   217 | D        | Noticed a slime creature
   217 | D        | Noticed a slime creature
   225 | D        | Killed a slime creature
   225 | D        | Reached *** piety under Dithmenos
   225 | D        | Reached skill level 6 in Fighting
   225 | D        | Reached skill level 8 in Dodging
   225 | D        | Reached skill level 9 in Stealth
   225 | D        | Reached skill level 6 in Unarmed Combat
   225 | D        | Reached skill level 6 in Spellcasting
   225 | D        | Reached skill level 9 in Hexes
   227 | D        | Entered arena 5.
   232 | D        | Reached skill level 10 in Hexes
   232 | D        | Reached XP level 7. HP: 34/34 MP: 5/17
   237 | D        | Reached **** piety under Dithmenos
   241 | D        | Got the ring "Niuwkax" {rF++ rN+ Dex+4}
   293 | D        | Entered arena 6.
   293 | D        | Noticed a komodo dragon
   293 | D        | Noticed a komodo dragon
   293 | D        | Noticed a seven-headed hydra
   293 | D        | Noticed a yak
   297 | D        | Entered arena 7.
   297 | D        | Noticed a tentacled starspawn
   297 | D        | Noticed a neqoxec
   305 | D        | Entered arena 8.
   305 | D        | Noticed a slime creature
   311 | D        | Reached skill level 10 in Stealth
   313 | D        | Reached skill level 9 in Dodging
   314 | D        | Killed a slime creature
   314 | D        | Reached skill level 7 in Fighting
   314 | D        | Reached skill level 7 in Unarmed Combat
   315 | D        | Reached skill level 7 in Spellcasting
   316 | D        | Reached ***** piety under Dithmenos
   316 | D        | Reached skill level 11 in Hexes
   330 | D        | Reached XP level 8. HP: 40/40 MP: 0/19
   448 | D        | Entered arena 9.
   448 | D        | Noticed an ancient zyme
   448 | D        | Noticed a profane servitor
   454 | D        | Entered arena 10.
   477 | D        | Entered arena 11.
   477 | D        | Noticed a fire dragon
   477 | D        | Noticed an ice dragon
   478 | D        | Noticed a rime drake
   478 | D        | Noticed a swamp dragon
   478 | D        | Noticed an ice dragon
   478 | D        | Noticed a swamp dragon
   484 | D        | Entered arena 12.
   484 | D        | Noticed a merfolk siren
   484 | D        | Noticed a water nymph
   484 | D        | Noticed a manticore
   484 | D        | Noticed a merfolk aquamancer
   485 | D        | Noticed a merfolk javelineer
   485 | D        | Noticed a hippogriff
   485 | D        | Noticed a water nymph
   485 | D        | Noticed a merfolk javelineer
   485 | D        | Noticed a merfolk aquamancer
   485 | D        | Noticed a merfolk aquamancer
   491 | D        | HP: 4/40 [merfolk aquamancer/ball of steam (35)]
   491 | D        | Killed from afar by a water nymph
   492 | D        | Reached XP level 7. HP: -24/36 MP: 18/18
   498 | D        | Noticed a ghoul
   498 | D        | Noticed a soul eater
   499 | D        | Noticed a soul eater
   499 | D        | Noticed a shadow dragon
   499 | D        | Noticed a soul eater
   513 | D        | HP: 7/36 [soul eater/drain life (15)]
   517 | D        | HP: 3/36 [shadow dragon (4)]
   519 | D        | Demolished by a shadow dragon
   520 | D        | Reached XP level 6. HP: -14/33 MP: 17/17
   524 | D        | Noticed a doom hound
   524 | D        | Noticed a soul eater
   524 | D        | Noticed a shadow dragon
   525 | D        | Noticed a hellion
   525 | D        | Noticed a Tzitzimitl
   525 | D        | Noticed a shadow dragon
   525 | D        | Noticed a soul eater
   525 | D        | Noticed a soul eater
   525 | D        | Noticed a shadow dragon
   526 | D        | Noticed a soul eater
   526 | D        | Noticed a soul eater
   526 | D        | Noticed a soul eater
   526 | D        | Noticed a soul eater
   526 | D        | Noticed a shadow dragon
   526 | D        | Noticed a shadow dragon
   527 | D        | HP: 7/33 [soul eater/drain life (7)]
   528 | D        | Killed from afar by a soul eater

Vault maps used:
D:        sprint_v

Skill      XL: |  1  2  3  4  5  6  7 |
---------------+----------------------+-----
Fighting       | 2 3 4 5 6 7 |  7.2
Dodging        | 4 5 6 7 8 9 |  9.7
Stealth        | 5 6 7 8 9 10 | 10.9
Unarmed Combat | 3 4 5 6 7 |  7.4
Spellcasting   | 3 4 5 6 7 |  7.2
Hexes          | 6 7 8 10 11 | 11.2

Action                   |  1- 3 |  4- 6 |  7- 9 || total
-------------------------+-------+-------+-------++-------
Melee: Unarmed           |     3 |    11 |    18 ||    32
       Bite              |       |       |     3 ||     3
       Punch             |       |       |     1 ||     1
 Cast: Ensorcelled Hiber |     1 |    10 |     4 ||    15
       Dazzling Spray    |       |     2 |     4 ||     6
  Use: Potion            |     1 |     2 |     1 ||     4
       Scroll            |       |       |     3 ||     3
 Stab: Sleeping          |     3 |     4 |     7 ||    14
  Eat: Chunk             |       |     6 |     1 ||     7
Armor: Skin              |       |       |     2 ||     2
Dodge: Dodged            |       |    34 |   162 ||   196

Vault maps used:
D:        sprint_v

Table legend:
 A = Turns spent in this place as a percentage of turns spent in the entire game.
 B = Non-inter-level travel turns spent in this place as a percentage of non-inter-level travel turns spent in the entire game.
 C = Inter-level travel turns spent in this place as a percentage of turns spent in this place.
 D = Turns resting spent in this place as a percentage of non-inter-level travel turns spent in this place.
 E = Turns spent auto-exploring this place as a percentage of non-inter-level travel turns spent in this place.
 F = Non-inter-level travel turns spent in this place divided by the number of levels of this place that you've seen.
                   A       B       C       D       E      F
               +-------+-------+-------+-------+-------+----------------------
         Total | 100.0 | 100.0 |   0.0 |   4.2 |   0.0 | 286.0
       Dungeon | 100.0 | 100.0 |   0.0 |   4.2 |   0.0 | 286.0
               +-------+-------+-------+-------+-------+----------------------

Table legend:
 A = Kills in this place as a percentage of kills in entire the game.
 B = Kills by you in this place as a percentage of kills by you in the entire game.
 C = Kills by friends in this place as a percentage of kills by friends in the entire game.
 D = Other kills in this place as a percentage of other kills in the entire game.
 E = Experience gained in this place as a percentage of experience gained in the entire game.
 F = Experience gained in this place divided by the number of levels of this place that you have seen.
                   A       B       C       D       E      F
               +-------+-------+-------+-------+-------+----------------------
         Total | 100.0 | 100.0 |  -nan |  -nan | 100.0 | 1505.0
       Dungeon | 100.0 | 100.0 |  -nan |  -nan | 100.0 | 1505.0
               +-------+-------+-------+-------+-------+----------------------
